 Dungeon Crawl Stone Soup version 0.30.1-9-gdf580d7c3d (webtiles) character file.

Game seed: 1827142215786527962

944 monsoonserge the Trooper (level 7, 0/55 HPs)
             Began as a Demonspawn Monk on Sept 28, 2023.
             Shot with an arrow by a centaur (13 damage)
             ... on level 6 of the Dungeon on Sept 29, 2023.
             The game lasted 00:15:45 (5216 turns).

monsoonserge the Trooper (Demonspawn Monk)          Turns: 5216, Time: 00:15:46

Health: 0/55       AC:  7    Str: 11    XL:     7   Next: 88%
Magic:  7/7        EV: 18    Int: 11    God:
Gold:   352        SH:  0    Dex: 18    Spells: 6/6 levels left

rFire   . . .        C - +5 dagger
rCold   + . .        d - orb {light}
rNeg    . . .        l - +2 leather armour {rC+}
rPois   .            q - +0 helmet
rElec   .            (no cloak)
rCorr   .            (no gloves)
SInv    .            y - +0 pair of boots
Will    .....        (no amulet)
Stlth   +            (no ring)
HPRegen 0.29/turn    (no ring)
MPRegen 0.10/turn

%: no passive effects
@: agile, glowing
A: hooves 1, foul stench 1, powered by pain 2
a: no special abilities


You were on level 6 of the Dungeon.
You visited 1 branch of the dungeon, and saw 6 of its levels.
You also visited: Sewer.

You collected 352 gold pieces.

Inventory:

Hand Weapons
 C - a +5 dagger (weapon)
Armour
 d - an orb of light (worn)
 l - a +2 leather armour of cold resistance (worn)
 q - a +0 helmet (worn)
 y - a +0 pair of boots (worn)
Wands
 a - a wand of iceblast (11)
 t - a wand of light (4) (quivered)
Scrolls
 b - a scroll of fear
 e - 4 scrolls of teleportation
 i - a scroll of summoning
 j - a scroll of noise {unknown}
 k - 2 scrolls of blinking
 n - 2 scrolls of vulnerability
 s - a scroll of immolation
 A - a scroll of magic mapping
 B - 2 scrolls of enchant weapon {unknown}
Potions
 c - a potion of ambrosia
 f - a potion of resistance
 g - 3 potions of curing {unknown}
 o - 2 potions of haste
 p - a potion of heal wounds
 r - 2 potions of might {unknown}
 v - 6 potions of flight
Miscellaneous
 z - a phantom mirror (inert)


   Skills:
 + Level 4.5 Fighting
 - Level 4.4(5.0) Short Blades
 - Level 3.3(4.4) Long Blades
 + Level 4.2 Armour
 + Level 4.1 Dodging
 + Level 1.1 Stealth
 + Level 1.0 Evocations


You had 6 spell levels left.
You didn't know any spells.
Your spell library contained the following spells:

 Spells                   Type           Power      Damage    Failure   Level
 Magic Dart               Conj           0%         1d3       41%         1
 Summon Small Mammal      Summ           0%         N/A       41%         1
 Cigotuvi's Dreadful Rot  Necr/Pois/Air  0%         N/A       56%         2
 Searing Ray              Conj           0%         2d4       56%         2
 Call Canine Familiar     Summ           0%         N/A       80%         3
 Ignite Poison            Fire/Tmut/Pois 0%         N/A       80%         3
 Summon Guardian Golem    Hex/Summ       0%         N/A       80%         3
 Fulminant Prism          Conj/Hex       0%         3d5       99%         4
 Summon Lightning Spire   Summ/Air       0%         N/A       99%         4
 Freezing Cloud           Conj/Ice/Air   0%         6-21      100%        5
 Storm Form               Tmut/Air       0%         N/A       100%        7
 Maxwell's Capacitive Co  Air            0%         ∞         100%        8


Dungeon Overview and Level Annotations

Branches:
Dungeon (6/15)              Sewer (visited)
 Temple: D:4-7

Altars:
Ashenzari
Cheibriados
Gozag
Okawaru
Qazlal

Shops:
D:5 *


Innate Abilities, Weirdness & Mutations

You have large cloven feet.
You may rarely emit foul miasma when damaged in melee.
You sometimes gain power by taking damage.


Message History

The centaur shoots an arrow.
The arrow hits you!
* * * LOW HITPOINT WARNING * * *
You focus on the pain.
You feel agile all of a sudden.
You hit the white imp but do no damage.
The white imp is heavily wounded.
The centaur shoots an arrow.
The arrow closely misses you.
The arrow hits the white imp!
The white imp dies!
The centaur shoots an arrow.
The arrow hits you.
* * * LOW HITPOINT WARNING * * *
Aiming: Phantom Mirror
Press: ? - help, Dir - move target, f - centaur
Aim: a centaur, wielding a +0 shortbow You reflect the centaur with the mirror!
The mirror clouds!
Your centaur unwields a +0 shortbow.
Your centaur hits the centaur.
Your centaur barely misses the centaur.
The centaur shoots an arrow.
The arrow barely misses your centaur. The arrow hits you.
* * * LOW HITPOINT WARNING * * *
The centaur shoots an arrow.
The arrow hits your centaur!
Your centaur hits the centaur.
Your centaur barely misses the centaur.
The centaur shoots an arrow.
The arrow barely misses your centaur. The arrow closely misses you.
Your centaur barely misses the centaur.
Your centaur kicks the centaur.
The centaur shoots an arrow.
The arrow hits your centaur!
Your centaur hits the centaur.
Your centaur kicks the centaur but does no damage.
The centaur unwields a +0 shortbow.
The centaur hits your centaur.
Your centaur dies!
Your centaur's corpse shimmers and vanishes!
Found a stone staircase leading down.
Found a scroll labelled YRUYN GOJUHE.
Found a spear.
The centaur wields a +0 shortbow.
The centaur shoots an arrow.
The arrow barely misses you.
There is a stone staircase leading down here.
The centaur shoots an arrow.
The arrow hits you!
You die...

.................#.#.....
.$.....?.....c.....######
≈≈......######..####
≈≈≈≈....# ..... ≈≈≈≈≈≈c.#
..... .≈≈≈≈≈≈.####......
.≈≈≈≈≈≈..#...#
.≈≈≈≈≈≈....# ≈~≈≈≈≈≈.@###
≈≈~~≈≈..## ≈≈≈≈.....
≈≈....... .........
...?... ....).. .......


You could see a centaur.

Vanquished Creatures
  A phantom (D:5)
  A bullfrog (D:6)
  A scorpion (D:5)
  A gnoll bouda (D:5)
  3 hounds
  An orc priest (D:5)
  A sleepcap (D:5)
  Jessica (D:2)
  4 iguanas
  Natasha (twice) (D:2)
  2 orc wizards (D:4)
  A sickly merfolk siren (Sewer)
  A malarious merfolk avatar (Sewer)
  Robin (D:2)
  6 adders
  6 gnolls
  2 river rats
  An ufetubus (D:5)
  3 dart slugs
  9 orcs
  9 ball pythons
  3 endoplasms
  11 giant cockroaches
  16 goblins
  11 hobgoblins
  3 kobolds
  4 quokkas
  7 frilled lizards
  28 rats
140 creatures vanquished.

Vanquished Creatures (collateral kills)
  A jelly (D:5)
1 creature vanquished.

Vanquished Creatures (others)
  A white imp (D:6)
1 creature vanquished.

Grand Total: 142 creatures vanquished

Notes
Turn   | Place    | Note
-------+----------+-------------------------------------------
     0 | D:1      | monsoonserge the Demonspawn Monk began the quest for the
                  | Orb.
     0 | D:1      | Reached XP level 1. HP: 18/18 MP: 1/1
   204 | D:1      | Gained mutation: You sometimes gain a little power by
                  | taking damage. [demonic ancestry]
   204 | D:1      | Reached XP level 2. HP: 13/24 MP: 2/2
   825 | D:2      | Noticed Robin
   832 | D:2      | Gained mutation: You sometimes gain power by taking damage.
                  | [demonic ancestry]
   832 | D:2      | Reached XP level 3. HP: 20/29 MP: 3/3
   855 | D:2      | Killed Robin
  1185 | D:2      | Identified the +0 ring mail "Zerr" {Int+3}
  1228 | D:2      | Noticed Jessica
  1231 | D:2      | Noticed Natasha
  1237 | D:2      | Killed Jessica
  1238 | D:2      | Reached skill level 1 in Short Blades
  1238 | D:2      | Reached skill level 1 in Armour
  1238 | D:2      | Gained mutation: You may rarely emit foul miasma when
                  | damaged in melee. [demonic ancestry]
  1238 | D:2      | Reached XP level 4. HP: 17/36 MP: 4/4
  1241 | D:2      | Killed Natasha
  1257 | D:2      | Noticed Natasha
  1262 | D:2      | Killed Natasha
  1549 | D:3      | Reached XP level 5. HP: 42/42 MP: 5/5
  1653 | D:3      | Found a glowing drain.
  1670 | Sewer    | Entered a sewer
  2388 | D:3      | Found a snail-covered altar of Cheibriados.
  2600 | D:3      | Reached XP level 6. HP: 37/48 MP: 6/6
  2733 | D:3      | Found a broken altar of Ashenzari.
  3151 | D:4      | Found a stormy altar of Qazlal.
  3173 | D:4      | Reached skill level 1 in Evocations
  3449 | D:4      | Found an iron altar of Okawaru.
  3576 | D:5      | Entered Level 5 of the Dungeon
  3605 | D:5      | Found Quqethryc's Overcharged Wands.
  3684 | D:5      | Discovered your monstrous ancestry.
  3684 | D:5      | Gained mutation: You have large cloven feet. [demonic
                  | ancestry]
  3684 | D:5      | Reached XP level 7. HP: 28/53 MP: 7/7
  4858 | D:5      | Found an opulent altar of Gozag.
  5084 | D:5      | Reached skill level 1 in Stealth
  5216 | D:6      | Shot with an arrow by a centaur

Illustrated notes

Levels and vault maps discovered:
D:1:      dpeg_cavernosity, layout_basic
D:2:      layout_basic, serial_bayou_lagoon_a, hangedman_decor_growths,
          uniq_jessica, uniq_robin, uniq_natasha
D:3:      layout_basic, mainiacjoe_overflow_24_doors, lemuel_doored_altar,
          mainiacjoe_overflow_tiny_flanked, gup_sewer_entry_spiral,
          nicolae_figureground_pulse
D:4:      layout_rooms, okawaru_gym_becter, mainiacjoe_overflow_alcove_4,
          ebering_dispersal_statue_hall
D:5:      layout_cave_pods, lemuel_crystal_altar, nicolae_shop_overcharged_wands
D:6:      layout_basic, temple_pool_b, chequers_mini_garden

Skill      XL: |  1  2  3  4  5  6  7 |
---------------+----------------------+-----
Dodging        | 3 4 |  4.1
Long Blades    | 3 |  3.3
Short Blades   | 1 3 4 |  4.4
Armour         | 1 2 4 |  4.2
Evocations     | 1 |  1.0
Fighting       | 4 |  4.5
Stealth        | 1 |  1.1

Action                     |  1- 3 |  4- 6 |  7- 9 || total
---------------------------+-------+-------+-------++-------
  Melee: Falchion          |    47 |       |       ||    47
         Rapier            |    64 |   162 |       ||   226
         Dagger            |       |    71 |   135 ||   206
  Evoke: Wand              |       |     1 |       ||     1
         Phantom mirror    |       |     1 |     1 ||     2
    Use: Scroll            |       |       |     8 ||     8
   Stab: Invisible         |       |     1 |       ||     1
 Armour: Robe              |     6 |       |       ||     6
         Ring mail         |    33 |    61 |    14 ||   108
         Leather armour    |       |       |    20 ||    20
  Dodge: Dodged            |    66 |   133 |    65 ||   264
